Unix NetHack Version 3.7.0-71 Work-in-progress - last build Jan 31 2023 02:41:03 (7ba98a1283f2b7cec35fde026edb48fc825ab8ae,branch:master). Game began 2023-02-12 23:34:00, ended 2023-02-13 00:32:58. Gandelf, neutral male human Monk ----- ------- |...------ --|.....| |........| |.+.....| |........| |-|.....|-- -------.---- |.+.....+.| |.........-- |-|.....|.| |...0..f...| |.+.....|.| |....S.....| --|.....|.| -----Y-------- ------|.| |....@.......| |.| |...........%| |.| --------.----| |.| |0.0.......0| |.| |......=....| |.| -------.------ |.| |.......----------------.| |>..........).........^^.| -------------------------- Gandelf the Initiate St:17 Dx:12 Co:13 In:11 Wi:13 Ch:9 Neutral S:10113 Dlvl:3 $:877 HP:0(59) Pw:29(34) AC:3 Xp:8/2229 T:7203 Latest messages: Abracat picks up a shiny ring. Abracat drops a shiny ring. Your knapsack cannot accommodate any more items. You see here a shiny ring. You swap places with Abracat. You swap places with Abracat. You try to move the boulder, but in vain. With great effort you move the boulder. You hear a sound reminiscent of a seal barking. You swap places with Abracat. You try to move the boulder, but in vain. You see here a forked polearm. The boulder falls into and plugs a hole in the floor! You swap places with Kathy. You see here a forked polearm. You hear a sound reminiscent of an elephant stepping on a peanut. Your knapsack cannot accommodate any more items. You see here a shiny ring. You try to move the boulder, but in vain. With great effort you move the boulder. Your knapsack cannot accommodate any more items. You see here a shiny ring. A yeti suddenly appears close by! You hit the python! You hit the python! The yeti hits! The yeti misses! The yeti bites! The python bites! The python touches you! The python brushes against you. You hit the yeti! The yeti just misses! The yeti hits! The yeti bites! You hit the yeti! The yeti hits! The yeti hits! The yeti bites! Your hands begin to glow red. The yeti hits! The yeti hits! The yeti bites! The yeti hits! You die... Do you want your possessions identified? [ynq] (y) y Do you want to see your attributes? [ynq] (y) y Do you want an account of creatures vanquished? [ynaq] (y) y Do you want to see your conduct and achievements? [ynq] (y) y Do you want to see the dungeon overview? [ynq] (y) y Inventory: Coins $ - 877 gold pieces Amulets o - a blessed amulet of ESP (being worn) Weapons r - 3 +0 arrows (in quiver) J - 8 +0 darts Armor S - an uncursed burnt +2 pair of leather gloves (being worn) f - an uncursed +0 pair of iron shoes (being worn) q - an uncursed +0 dwarvish cloak E - a blessed +1 robe (being worn) Comestibles h - 5 uncursed apples T - 3 uncursed food rations i - 7 uncursed oranges F - an uncursed egg Scrolls e - a cursed scroll of confuse monster s - 2 cursed scrolls of earth H - 2 uncursed scrolls of enchant weapon x - an uncursed scroll of food detection B - an uncursed scroll of gold detection d - an uncursed scroll of light V - a cursed scroll of taming A - 2 uncursed scrolls of teleportation Spellbooks c - a blessed spellbook of confuse monster D - an uncursed spellbook of haste self Potions Z - 2 uncursed potions of blindness W - an uncursed potion of extra healing n - 9 potions of holy water O - an uncursed potion of water Rings w - a cursed -1 ring of adornment K - a cursed ring of aggravate monster v - an uncursed ring of cold resistance (on left hand) R - an uncursed +4 ring of increase damage (on right hand) M - an uncursed ring of protection from shape changers Wands U - a wand of fire (0:1) I - a wand of light (0:12) P - a wand of light (0:12) N - a wand of speed monster (0:7) Tools b - an uncursed blindfold t - an uncursed leash X - an uncursed leash a - an uncursed magic whistle j - an uncursed mirror k - an uncursed skeleton key p - an uncursed skeleton key Y - an uncursed tin whistle l - a cursed wax candle Gems/Stones Q - an uncursed aquamarine stone m - a cursed jade stone G - an uncursed jet stone L - an uncursed worthless piece of black glass z - an uncursed worthless piece of blue glass C - 2 uncursed worthless pieces of orange glass u - an uncursed worthless piece of violet glass g - an uncursed worthless piece of white glass y - an uncursed worthless piece of yellow glass Gandelf the Monk's attributes: Background: You were an Initiate, a level 8 male human Monk. You were neutral, on a mission for Chih Sung-tzu who was opposed by Shan Lai Ching (lawful) and Huan Ti (chaotic). You were in Sokoban, on level 3. You entered the dungeon 7203 turns ago. It was the midnight hour. You had 2229 experience points, 331 more were needed to attain level 9. Your score was 10113 before end-of-game adjustments. Basics: You had 0 out of 59 hit points. You had 29 out of 34 energy points (spell power). Your armor class was 3. Your wallet contained 877 zorkmids. Autopickup was on for '$?!+/=' plus thrown. Final Characteristics: Your strength was 17 (peak:18, limit:18/100). Your dexterity was 12 (limit:18). Your constitution was 13 (limit:18). Your intelligence was 11 (limit:18). Your wisdom was 13 (peak:15, limit:18). Your charisma was 9 (limit:18). Final Status: You were not hungry. You were unencumbered. You were empty handed. You had basic skill with martial arts and could have enhanced that. Final Attributes: You were piously aligned. You were cold resistant. Your items were protected from cold. You were sleep resistant. You were poison resistant. You saw invisible. You were telepathic. You were warned. You would have confused monsters when hitting them. You were stealthy. You had a moderate damage bonus (+4). You were guarded. You were fast. You are dead. Miscellaneous: You never encountered a bones level. Total elapsed playing time was 58 minutes and 36 seconds. Major events: Turn 1: Gandelf the neutral male human Monk entered the dungeon 1498: attained the rank of Novice (level 3) 2292: entered the Gnomish Mines 2528: reached Mine Town 2573: attained the rank of Initiate (level 6) 4022: made his first wish - "blessed amulet of ESP", got "a spherical amulet" 4738: entered Sokoban 5324: completed 1st Sokoban level 5930: completed 2nd Sokoban level 6316: completed 3rd Sokoban level 7203: killed by a yeti Vanquished creatures: 2 giant mimics a large mimic a glass piercer a troll a large dog a red naga a python a Grey-elf a crocodile a winter wolf cub a lynx a leprechaun a baby long worm a black light a vampire bat a gnome ruler 2 orc mummies a dwarf mummy a gold golem a werewolf a Green-elf a lizard a jaguar a dwarf leader a raven 3 apes a soldier ant 5 bugbears an imp a water nymph 2 Uruk-hai 2 rock moles a yellow light a shrieker 7 gnome leaders 2 gnomish wizards a gray ooze a little dog a kitten 7 dwarves 2 kobold leaders 2 hill orcs 4 rothes 2 giant bats 2 iguanas an acid blob 2 hobbits a large kobold 4 hobgoblins 2 cave spiders a brown mold 21 gnomes 5 garter snakes 2 geckos 5 jackals 3 foxes 3 kobolds 7 goblins 2 sewer rats a grid bug 7 lichens a kobold zombie 8 newts 151 creatures vanquished. No species were genocided or became extinct. Voluntary challenges: You followed a strict vegan diet. You never hit with a wielded weapon. You read items or engraved 1 time. You never engraved Elbereth. You never genocided any monsters. You never polymorphed an object. You never changed form. You used 1 wish. You did not wish for any artifacts. You did not violate any of the special Sokoban rules. Achievements: You entered a shop. You attained the rank of Novice. You entered the Gnomish Mines. You entered Minetown. You attained the rank of Initiate. You entered a temple. You entered Sokoban. The Dungeons of Doom: levels 1 to 7 Level 1: An altar to Chih Sung-tzu, a fountain. Level 2: A general store. Level 3: An armor shop. Stairs down to The Gnomish Mines. Level 4: A fountain. Level 5: A throne. Level 6: Many fountains. Level 7: A fountain. Stairs up to Sokoban, level 6. The Gnomish Mines: levels 4 to 6 Level 4: Level 5: Level 6: Many shops, a temple, some fountains, some trees. Sokoban: levels 6 up to 3 Level 3: <- You were here. Unsolved. Final resting place for you, killed by a yeti. Level 4: Solved. Level 5: Solved. Level 6: Solved. Game over: ---------- / \ / REST \ / IN \ / PEACE \ / \ | Gandelf | | 877 Au | | killed by a yeti | | | | | | | | 2023 | *| * * * | * _________)/\\_//(\/(/\)/\//\/|_)_______ Goodbye Gandelf the Monk... You died in Sokoban on dungeon level 3 with 10026 points, and 877 pieces of gold, after 7203 moves. You were level 8 with a maximum of 59 hit points when you died.